 Dungeon Crawl Stone Soup version 0.26-a0-542-gbaa144ba5c (webtiles) character file.

Game seed: 2208337638524985920

178278 ReteAZ the Warrior (level 17, -32/132 HPs)
             Began as a Demonspawn Gladiator on Aug 17, 2020.
             Was the Champion of Hepliaklqana.
             Killed from afar by a deep elf annihilator (67 damage)
             ... with a crystal spear
             ... on level 3 of the Elven Halls.
             The game lasted 01:26:07 (42573 turns).

ReteAZ the Warrior (Demonspawn Gladiator)          Turns: 42573, Time: 01:26:07

Health: -32/132    AC: 24    Str: 28    XL:     17   Next: 57%
Magic:  24/24      EV: 21    Int: 12    God:    Hepliaklqana [******]
Gold:   3430       SH:  5    Dex: 21    Spells: 16/16 levels left

rFire    + + +     SeeInvis .   W - +5 quarterstaff (spect)
rCold    + . .     Faith    .   (shield currently unavailable)
rNeg     . . .     Spirit   .   Y - +0 fire dragon scales
rPois    .         Reflect  +   C - +2 helmet
rElec    .         Harm     .   b - scarf {rC+ rF+}
rCorr    .                      I - +0 pair of gloves of Polish {Str+7}
MR       ++...                  (boots unavailable)
Stlth    ..........             i - amulet of reflection
HPRegen  0.32/turn              g - +4 ring of slaying
MPRegen  0.19/turn              q - ring "Mautzy" {MR+ Dex+6}

@: no status effects
A: reduced essence, talons 3, iridescent scales 3, cold resistance 1, foul
stench 1, screaming 1, shaggy fur 1, strong 1, augmentation 1, rot immunity,
freezing cloud immunity
a: Recall Ancestor, Ancestor Identity, Transference, Idealise, Renounce Religion


You were on level 3 of the Elven Halls.
You worshipped Hepliaklqana.
Hepliaklqana was exalted by your worship.
You visited 6 branches of the dungeon, and saw 29 of its levels.
You also visited: Gauntlet and Volcano.

You collected 3535 gold pieces.
You spent 105 gold pieces at shops.

Inventory:

Hand Weapons
 A - a +0 quarterstaff of pain
 U - a +3 lajatang
 W - a +5 spectral quarterstaff (weapon)
Missiles
 d - 7 throwing nets
 m - 26 boomerangs
 o - 146 poisoned darts
 T - 24 javelins (quivered)
Armour
 b - a scarf of resistance (worn)
 C - a +2 helmet (worn)
 I - the +0 pair of gloves of Polish (worn) {Str+7}
   (You found it on level 8 of the Dungeon)

   It affects your strength (+7).
 K - +0 acid dragon scales
 Y - +0 fire dragon scales (worn)
Jewellery
 f - an uncursed ring of see invisible
 g - a +4 ring of slaying (left hand)
 i - an amulet of reflection (around neck)
 q - the ring "Mautzy" (right hand) {MR+ Dex+6}
   (You found it in a Gauntlet)

   [ring of dexterity]

   It affects your dexterity (+6).
   It affects your resistance to hostile enchantments.
 s - an uncursed amulet of the acrobat
 t - an uncursed ring of positive energy
 H - the ring "Gacev" {rC++ MR- EV+4 Dex+2}
   (You found it on level 13 of the Dungeon)

   [ring of evasion]

   It affects your evasion (+4).
   It affects your dexterity (+2).
   It greatly protects you from cold.
   It affects your resistance to hostile enchantments.
Wands
 n - a wand of disintegration (34)
 x - a wand of enslavement (11)
 z - a wand of flame (13)
 B - a wand of acid (9)
 D - a wand of paralysis (36)
 L - a wand of iceblast (12)
 N - a wand of polymorph (22)
 V - a wand of digging (4)
Scrolls
 e - 7 scrolls of amnesia
 k - 10 scrolls of identify
 l - 7 scrolls of fog
 p - 6 scrolls of teleportation
 r - 14 scrolls of remove curse
 v - a scroll of summoning
 w - 5 scrolls of fear
 X - 2 scrolls of magic mapping
Potions
 a - 3 potions of haste
 c - 6 potions of lignification
 h - a potion of magic
 u - 3 potions of stabbing
 E - 2 potions of invisibility
 F - 4 potions of might
 J - 2 potions of cancellation
 O - 3 potions of brilliance
 P - 2 potions of flight
 Q - a potion of resistance
 Z - a potion of mutation
Miscellaneous
 j - a phantom mirror
 G - a phial of floods


   Skills:
 + Level 17.2 Fighting
 + Level 15.2 Staves
 - Level 7.0 Throwing
 + Level 12.7 Armour
 + Level 13.5 Dodging
 + Level 9.7 Invocations
 - Level 4.3 Evocations


You had 16 spell levels left.
You didn't know any spells.
Your spell library contained the following spells:

 Spells                   Type           Power        Failure   Level
 Animate Skeleton         Necr           #.....       56%         1
 Apportation              Tloc           #.....       56%         1
 Pain                     Necr           #...         56%         1
 Sandblast                Erth           #.....       56%         1
 Sting                    Tmut/Pois      #...         56%         1
 Summon Small Mammal      Summ           #...         56%         1
 Call Imp                 Summ           #.......     71%         2
 Passwall                 Tmut/Erth      #.......     71%         2
 Poisonous Vapours        Pois/Air       #.....       71%         2
 Sublimation of Blood     Necr           #.........   71%         2
 Call Canine Familiar     Summ           #.......     90%         3
 Ignite Poison            Fire/Tmut/Pois #.......     90%         3
 Lesser Beckoning         Tloc           #.........   90%         3
 Mephitic Cloud           Conj/Pois/Air  #.......     90%         3
 Stone Arrow              Conj/Erth      #.....       90%         3
 Summon Guardian Golem    Hex/Summ       #.......     90%         3
 Tukima's Dance           Hex            #.......     90%         3
 Vampiric Draining        Necr           #.........   90%         3
 Animate Dead             Necr           #.........   100%        4
 Olgreb's Toxic Radiance  Pois           #.......     100%        4
 Petrify                  Tmut/Erth      #.......     100%        4
 Summon Ice Beast         Ice/Summ       #.......     100%        4
 Summon Lightning Spire   Summ/Air       #.......     100%        4
 Agony                    Necr           #.......     100%        5
 Alistair's Intoxication  Tmut/Pois      #........    100%        5
 Borgnjor's Vile Clutch   Necr/Erth      #.........   100%        5
 Irradiate                Conj/Tmut      #.........   100%        5
 Eringya's Noxious Bog    Tmut/Pois      #.........   100%        6
 Invisibility             Hex            #.......     100%        6
 Statue Form              Tmut/Erth      #........    100%        6


Dungeon Overview and Level Annotations

Branches:
Dungeon (15/15)            Temple (1/1) D:4            Lair (6/6) D:11
 Shoals (2/4) Lair:4        Snake (0/4) Lair:2        Slime (0/5) Lair:5
    Orc (2/2) D:9             Elf (3/3) Orc:2        Vaults (0/5) D:14
 Depths (0/5) D:15        Volcano (visited)         Gauntlet (visited)

Altars:
Dithmenos
Elyvilon
Fedhas
Gozag
Hepliaklqana
Kikubaaqudgha
Okawaru
Qazlal
Ru
Sif Muna
Trog
Uskayaw
Vehumet
Xom
Yredelemnul
Zin
The Shining One

Shops:
D:5 ?   Orc:2 (?((   Elf:3 [

Portals:
Trove: D:13 (give +4 fire dragon scales)

Annotations:
D:7 2 transporters, Execuda's ghost, novice PaBe
D:9 3 runed translucent doors, Eifo4Ohj9gu9Dob0ohLe's ghost, novice DrBe; astraldaughter's ghost, novice TeWn; rasy's ghost, journeyman MiFi
D:11 1 runed translucent door, MrRokkomies's ghost, journeyman OpVM
Lair:3 1 runed translucent door, Inukheot's ghost, journeyman HOFE
Lair:5 exclusion: oklob plant
Shoals:2 Ilsuiw


Innate Abilities, Weirdness & Mutations

You have claws for feet.
You are completely covered in iridescent scales. (AC +6)
Your flesh is cold resistant. (rC+)
You may emit foul miasma when damaged in melee.
Your magical and physical power is slightly enhanced at high health.
You are immune to rotting.
You are immune to freezing clouds.
Your life essence is reduced to manifest your ancestor. (-10% HP)
You occasionally shout uncontrollably at your foes.
You are covered in fur. (AC +1)
Your muscles are strong. (Str +2)


Message History

Your spectral weapon hits the deep elf annihilator.
The deep elf annihilator hits you with a +0 quarterstaff.
You sock the deep elf annihilator! You claw the deep elf annihilator!
The deep elf annihilator is heavily wounded.
Your spectral weapon closely misses the deep elf annihilator.
You closely miss the deep elf annihilator.
You claw the deep elf annihilator.
The deep elf annihilator is heavily wounded.
Your spectral weapon closely misses the deep elf annihilator.
The deep elf annihilator points at you and mumbles some strange words.
The crystal spear hits you!!!!
Ouch! That really hurt!
* * * LOW HITPOINT WARNING * * *
You sock the deep elf annihilator! You claw the deep elf annihilator.
The deep elf annihilator is severely wounded.
Your spectral weapon hits the deep elf annihilator!
The deep elf annihilator gestures at you while chanting.
The crystal spear hits you!!!
Ouch! That really hurt!
You die...

##".8.(##
###)..##
#.)..##
#)####
#.# #.#
#.#
####(###
#..@(..#
##.##e###
#.##.[.#
###([)##
##e.)##
#..)##
##..e#
##....
##..e.1


You could see a deep elf annihilator and a friendly +5 spectral quarterstaff
(summoned).

Vanquished Creatures
  Nikola (Shoals:1)
  Jorgrun (D:13)
  2 deep elf blademasters (Elf:3)
  Roxanne (Shoals:1)
  A fire giant (D:15)
  3 deep elf sorcerers
  The ghost of Zyurawip the Basher, a journeyman DrFE of Vehumet (Lair:6)
  A deep elf elementalist (Elf:3)
  6 deep elf annihilators (Elf:3)
  A minotaur (Gauntlet)
  6 deep elf demonologists
  Snorg (D:13)
  4 deep elf death magi
  The ghost of voshxx the Unseen, a journeyman KoEn of Dithmenos (D:13)
  2 merfolk impalers (Shoals:1)
  2 fire dragons
  2 deep elf high priests
  A yaktaur captain (D:11)
  5 vault guards (D:14)
  Erolcha (D:12)
  A ghost crab (Gauntlet)
  5 hydras
  Harold (Lair:2)
  3 centaur warriors
  A death knight (D:12)
  6 two-headed ogres
  A tengu warrior (D:13)
  18 dancing weapons
  A death scarab (Gauntlet)
  7 death yaks
  2 orc high priests (Orc:2)
  10 deep elf knights
  A fire crab (Lair:6)
  Nergalle (Lair:4)
  3 unseen horrors
  A sea snake (Shoals:1)
  5 deep elf archers
  4 orc knights (Orc:2)
  64 deep elf magi
  A lindwurm (shapeshifter) (Elf:1)
  A wolf spider (shapeshifter) (Elf:1)
  A mana viper (shapeshifter) (Elf:2)
  3 orc sorcerers (Orc:2)
  A wolf spider (D:11)
  7 harpies (Shoals:1)
  5 cyclopes
  5 ugly things
  6 fauns (Shoals:1)
  3 black mambas
  Maurice (D:9)
  Joseph (D:8)
  A water nymph (Shoals:1)
  3 elephants
  6 cane toads
  3 gargoyles
  2 molten gargoyles (Lair:6)
  2 centaur skeletons (D:13)
  An efreet (D:13)
  2 tengu conjurers (Gauntlet)
  12 komodo dragons
  3 ice devils (D:13)
  3 trolls
  4 merfolk
  16 blink frogs
  A wolf spider simulacrum (D:13)
  10 slime creatures
  7 hippogriffs
  2 dream sheep (Shoals:1)
  4 air elementals
  4 centaur simulacra (D:13)
  A spectral black mamba (Gauntlet)
  5 water elementals
  9 wyverns
  2 wraiths
  58 yaks
  Grum (D:8)
  4 fire elementals
  4 basilisks
  A spectral komodo dragon (Gauntlet)
  A human (shapeshifter) (Elf:1)
  7 humans (D:14)
  A steam dragon (D:11)
  5 vampire mosquitoes
  5 water moccasins
  3 acid dragons
  2 hell hounds (Lair:6)
  10 porcupines
  A black bear (D:8)
  5 sky beasts
  A meliai simulacrum (D:13)
  9 orc warriors (Orc:2)
  7 ogres
  3 phantoms
  2 ice beasts
  4 eyes of draining
  8 centaurs
  14 wolves
  12 crocodiles
  4 big kobolds
  14 bullfrogs
  A gnoll sergeant (D:8)
  2 earth elementals (Elf:2)
  A water moccasin zombie (D:5)
  3 scorpions
  A wyvern skeleton (D:13)
  A hexer (Gauntlet)
  A hornet simulacrum (D:13)
  15 killer bees
  10 wights
  A howler monkey (D:13)
  4 lava snakes (Lair:6)
  2 centaur zombies
  2 jellies
  5 hounds
  13 orc priests
  25 orc wizards
  3 iguanas
  7 worker ants
  4 hell rats (Lair:3)
  A killer bee zombie (D:8)
  A howler monkey zombie (D:10)
  A howler monkey skeleton (D:7)
  10 adders
  12 gnolls
  3 river rats (Lair:3)
  A shadow imp (D:6)
  2 white imps
  7 oozes
  2 ufetubi
  2 adder skeletons
  2 worms
  A dart slug (D:3)
  55 orcs
  2 ball pythons
  9 giant cockroaches
  3 goblins
  8 hobgoblins
  8 jackals
  30 kobolds
  5 quokkas
  12 bats
  4 frilled lizards
  A quokka skeleton (D:7)
  11 rats
  A crawling corpse (Elf:1)
  A plant (Lair:2)
798 creatures vanquished.

Vanquished Creatures (collateral kills)
  A hydra (Lair:2)
  2 dancing weapons (Elf:2)
  A death yak (Lair:5)
  2 tengu warriors
  A death scarab (Gauntlet)
  A two-headed ogre (D:11)
  An orc high priest (Orc:2)
  3 deep elf knights
  An unseen horror (D:13)
  A faun (Shoals:1)
  3 elephants (Lair:3)
  A gargoyle (D:12)
  A komodo dragon (Lair:6)
  A freezing wraith (D:11)
  A blink frog (Lair:3)
  Prince Ribbit (D:9)
  6 yaks
  A wyvern (Lair:1)
  A basilisk (D:11)
  A warg (Lair:2)
  2 water moccasins
  A hell hound (Lair:6)
  A porcupine (Lair:1)
  3 orc warriors (Orc:2)
  A phantom (D:4)
  2 ogres
  A crocodile (Lair:2)
  A wolf (Lair:2)
  A centaur (D:8)
  2 bullfrogs
  A wyvern zombie (D:7)
  A jelly (D:4)
  A gnoll shaman (D:4)
  An iguana (D:9)
  5 orc wizards
  A gnoll (D:4)
  3 river rats (Lair:3)
  A white imp (D:10)
  An ooze (D:4)
  An adder skeleton (D:7)
  6 orcs
  A ball python (D:4)
  5 kobolds
  A leopard gecko skeleton (D:6)
  A leopard gecko zombie (D:8)
  A rat (Lair:3)
  A crawling corpse (Elf:1)
78 creatures vanquished.

Vanquished Creatures (others)
  A lava snake (Lair:6)
  28 hexers
  7 ancestors
  An orc (D:12)
  16 fungi
  15 plants
  7 toadstools (D:4)
  2 withered plants (D:9)
77 creatures vanquished.

Grand Total: 953 creatures vanquished

Notes
Turn   | Place    | Note
-------+----------+-------------------------------------------
     0 | D:1      | ReteAZ the Demonspawn Gladiator began the quest for the
                  | Orb.
     0 | D:1      | Reached XP level 1. HP: 16/16 MP: 1/1
   282 | D:2      | Gained mutation: You are partially covered in iridescent
                  | scales. (AC +2) [demonic ancestry]
   282 | D:2      | Reached XP level 2. HP: 7/22 MP: 2/2
  1134 | D:2      | Gained mutation: You are immune to rotting. [demonic
                  | ancestry]
  1134 | D:2      | Reached XP level 3. HP: 27/27 MP: 3/3
  1812 | D:3      | Reached XP level 4. HP: 33/33 MP: 4/4
  2793 | D:3      | Reached skill level 5 in Staves
  2793 | D:3      | Gained mutation: You have sharp toenails. [demonic
                  | ancestry]
  2793 | D:3      | Reached XP level 5. HP: 36/38 MP: 5/5
  2934 | D:3      | Found a bloodstained altar of Trog.
  3466 | D:4      | Found a staircase to the Ecumenical Temple.
  3484 | D:5      | Entered Level 5 of the Dungeon
  3505 | D:5      | Gained mutation: You have razor-sharp toenails. [demonic
                  | ancestry]
  3505 | D:5      | Reached XP level 6. HP: 44/44 MP: 6/6
  3812 | D:5      | Found Res Coac's Magic Scroll Shoppe.
  3823 | D:5      | Bought a scroll of teleportation for 30 gold pieces
  3823 | D:5      | Bought a scroll of identify for 20 gold pieces
  3823 | D:5      | Bought a scroll of fog for 20 gold pieces
  3823 | D:5      | Bought a scroll of fear for 35 gold pieces
  3883 | D:5      | Noticed a sky beast
  3916 | D:5      | Killed a sky beast
  4057 | D:5      | Reached XP level 7. HP: 47/50 MP: 7/7
  4346 | Temple   | Entered the Ecumenical Temple
  4454 | Temple   | Became a worshipper of Hepliaklqana the Forgotten
  5216 | D:4      | Reached XP level 8. HP: 50/50 MP: 8/8
  5324 | D:4      | Found a basalt altar of Yredelemnul.
  5324 | D:4      | Found a shimmering blue altar of Sif Muna.
  5531 | D:6      | Found a hazy altar of Hepliaklqana.
  6166 | D:6      | Reached * piety under Hepliaklqana
  6185 | D:6      | Found a blossoming altar of Fedhas.
  6506 | D:7      | Found a transporter.
  6512 | D:7      | Noticed Execuda's ghost (novice PaBe)
  6523 | D:7      | Noticed a queen bee
  6943 | D:7      | Reached skill level 10 in Staves
  7064 | D:7      | Found a transporter.
  7159 | D:7      | Found a runed translucent door.
  7162 | D:7      | Found a runed translucent door.
  7162 | D:7      | Noticed a slime creature
  7173 | D:7      | Killed a slime creature
  7178 | D:7      | Reached skill level 3 in Fighting
  7696 | D:7      | Noticed a two-headed ogre
  7755 | D:7      | Gained mutation: You are mostly covered in iridescent
                  | scales. (AC +4) [demonic ancestry]
  7755 | D:7      | Reached XP level 9. HP: 50/57 MP: 9/9
  7759 | D:7      | Killed a two-headed ogre
  7759 | D:7      | Reached skill level 4 in Fighting
  8067 | D:7      | Found a glowing golden altar of the Shining One.
  8067 | D:7      | Found a radiant altar of Vehumet.
  8322 | D:8      | Noticed a two-headed ogre
  8345 | D:7      | Reached skill level 5 in Fighting
  8435 | D:8      | Got a pair of ancient gloves
  8447 | D:8      | Identified the cursed +0 pair of gloves of Polish {Str+7}
                  | (You found it on level 8 of the Dungeon)
  8534 | D:8      | Noticed Joseph
  8552 | D:8      | Killed Joseph
  8552 | D:8      | Reached skill level 5 in Throwing
  8726 | D:7      | Gained mutation: You occasionally shout uncontrollably at
                  | your foes. [potion of mutation]
  8726 | D:7      | Gained mutation: Your flesh is cold resistant. (rC+)
                  | [potion of mutation]
  8726 | D:7      | Gained mutation: You are covered in fur. (AC +1) [potion of
                  | mutation]
  8726 | D:7      | Gained mutation: Your muscles are strong. (Str +2) [potion
                  | of mutation]
  8778 | D:7      | Reached skill level 6 in Fighting
  8894 | D:8      | Killed a two-headed ogre
  8894 | D:8      | Gained mutation: You are completely covered in iridescent
                  | scales. (AC +6) [demonic ancestry]
  8894 | D:8      | Reached XP level 10. HP: 31/69 MP: 10/10
  9279 | D:8      | Noticed Grum
  9288 | D:8      | Killed Grum
  9629 | D:8      | Reached ** piety under Hepliaklqana
  9630 | D:8      | Remembered your ancestor Gaius as a hexer
  9698 | D:8      | Reached skill level 7 in Fighting
  9976 | D:9      | Noticed Prince Ribbit
  9989 | D:9      | Killed Prince Ribbit
 10144 | D:9      | Found a staircase to the Orcish Mines.
 10153 | D:9      | Found a shimmering altar of Xom.
 10153 | D:9      | Found a shadowy altar of Dithmenos.
 10189 | D:9      | Found a runed translucent gate.
 10190 | D:9      | Found a runed translucent gate.
 10191 | D:9      | Found a runed translucent gate.
 10192 | D:9      | Noticed astraldaughter's ghost (novice TeWn)
 10192 | D:9      | Noticed Eifo4Ohj9gu9Dob0ohLe's ghost (novice DrBe)
 10193 | D:9      | Noticed rasy's ghost (journeyman MiFi)
 10274 | D:10     | Entered Level 10 of the Dungeon
 10284 | D:9      | Noticed Maurice
 10301 | D:9      | Killed Maurice
 10535 | D:9      | Reached skill level 1 in Evocations
 10719 | D:10     | Reached skill level 8 in Fighting
 10996 | D:10     | Mutation became permanent: Your flesh is cold resistant.
                  | (rC+) [demonic ancestry]
 10996 | D:10     | Gained mutation: Your flesh is cold resistant. (rC+)
                  | [demonic ancestry]
 10996 | D:10     | Reached XP level 11. HP: 74/77 MP: 11/11
 11447 | D:10     | Found a shimmering altar of Xom.
 11826 | D:10     | You fall into a shaft and drop 2 floors!
 11826 | D:12     | Noticed a deep elf mage
 11830 | D:12     | Reached *** piety under Hepliaklqana
 11865 | D:12     | Noticed a death knight
 12114 | D:11     | Found a shadowy altar of Dithmenos.
 12394 | D:11     | Found a runed translucent door.
 12394 | D:11     | Found a shimmering altar of Xom.
 12394 | D:11     | Noticed MrRokkomies's ghost (journeyman OpVM)
 12395 | D:11     | Noticed a +2 trident of chaos
 12471 | D:11     | Noticed a tengu warrior
 12502 | D:11     | Killed a tengu warrior
 12507 | D:11     | Noticed a fire dragon
 12521 | D:11     | Killed a fire dragon
 12521 | D:11     | Reached skill level 9 in Fighting
 13307 | D:11     | Noticed a two-headed ogre
 13315 | D:11     | Killed a two-headed ogre
 13315 | D:11     | Reached skill level 1 in Armour
 13332 | D:11     | Found a staircase to the Lair.
 13675 | D:11     | Noticed a wolf spider
 13684 | D:11     | Killed a wolf spider
 13988 | D:11     | Noticed a yaktaur captain
 13990 | D:11     | Noticed a centaur warrior
 13999 | D:11     | Killed a yaktaur captain
 14231 | D:11     | Noticed an unseen horror
 14232 | D:11     | Killed a centaur warrior
 14241 | D:11     | Killed an unseen horror
 14426 | Lair:1   | Entered Level 1 of the Lair of Beasts
 14440 | Lair:1   | Reached XP level 12. HP: 87/87 MP: 12/12
 14521 | Lair:1   | Found a dark tunnel.
 14529 | Volcano  | Entered a volcano
 14591 | Volcano  | Noticed a red draconian
 15170 | Lair:1   | Reached skill level 10 in Fighting
 15186 | Lair:1   | Reached skill level 5 in Dodging
 15355 | Lair:1   | Reached **** piety under Hepliaklqana
 16051 | Lair:2   | Found a staircase to the Snake Pit.
 16111 | Lair:2   | Noticed a seven-headed hydra
 16118 | Lair:2   | Noticed Harold
 16119 | Lair:2   | Killed a seven-headed hydra
 16119 | Lair:2   | Reached skill level 5 in Armour
 16132 | Lair:2   | Killed Harold
 16669 | Lair:2   | Noticed a five-headed hydra
 16680 | Lair:2   | Killed a five-headed hydra
 17481 | Lair:2   | Reached XP level 13. HP: 69/92 MP: 13/13
 17947 | Lair:3   | Found a white marble altar of Elyvilon.
 18110 | Lair:3   | Found a runed translucent door.
 18113 | Lair:3   | Noticed Inukheot's ghost (journeyman HOFE)
 18965 | Lair:4   | Found a gate leading to a gauntlet.
 18981 | Gauntlet | Entered a Gauntlet
 18981 | Gauntlet | Found a transporter.
 18981 | Gauntlet | Found a transporter.
 19049 | Gauntlet | Found a transporter.
 19054 | Gauntlet | Found a runed translucent door.
 19058 | Gauntlet | Found a large runed translucent door.
 19059 | Gauntlet | Found a large runed translucent door.
 19060 | Gauntlet | Found a large runed translucent door.
 19060 | Gauntlet | Found a large runed translucent door.
 19060 | Gauntlet | Found a large runed translucent door.
 19060 | Gauntlet | Found a large runed translucent door.
 19060 | Gauntlet | Found a large runed translucent door.
 19060 | Gauntlet | Found a large runed translucent door.
 19061 | Gauntlet | Found a runed translucent door.
 19061 | Gauntlet | Found a runed translucent gate.
 19062 | Gauntlet | Found a runed translucent gate.
 19062 | Gauntlet | Found a transporter.
 19062 | Gauntlet | Found a transporter.
 19062 | Gauntlet | Found a transporter.
 19064 | Gauntlet | Found a transporter.
 19064 | Gauntlet | Found a transporter.
 19074 | Gauntlet | Found a runed translucent gate.
 19076 | Gauntlet | Found a transporter.
 19077 | Gauntlet | Found a runed translucent gate.
 19078 | Gauntlet | Found a runed translucent gate.
 19079 | Gauntlet | Reached ***** piety under Hepliaklqana
 19092 | Gauntlet | Found a transporter.
 19102 | Gauntlet | Found a transporter.
 19116 | Gauntlet | Found a transporter.
 19128 | Gauntlet | Found a large runed translucent door.
 19130 | Gauntlet | Found a large runed translucent door.
 19130 | Gauntlet | Found a large runed translucent door.
 19130 | Gauntlet | Found a large runed translucent door.
 19130 | Gauntlet | Found a large runed translucent door.
 19130 | Gauntlet | Found a large runed translucent door.
 19131 | Gauntlet | Found a runed translucent gate.
 19131 | Gauntlet | Found a large runed translucent door.
 19131 | Gauntlet | Found a runed translucent door.
 19131 | Gauntlet | Found a large runed translucent door.
 19136 | Gauntlet | Found a transporter.
 19147 | Gauntlet | Found a transporter.
 19621 | Gauntlet | Got a sparkling steel ring
 19640 | Gauntlet | Identified the ring "Mautzy" {MR+ Dex+6} (You found it in a
                  | Gauntlet)
 19641 | Gauntlet | Noticed a minotaur
 19648 | Gauntlet | Found the +3 Elemental Staff {rElec rF++ rC++ MR++ AC+5}
 19658 | Gauntlet | Killed a minotaur
 19679 | Gauntlet | Got a polished ring mail
 19703 | Lair:4   | Identified the +0 ring mail "Goduvvab" {+Blink rCorr Str+3}
                  | (You found it in a Gauntlet)
 19950 | Lair:4   | Found a staircase to the Shoals.
 20459 | Lair:4   | Noticed Nergalle
 20472 | Lair:4   | Killed Nergalle
 21608 | Lair:5   | Found a staircase to the Slime Pits.
 22044 | Lair:5   | Gained mutation: You may emit foul miasma when damaged in
                  | melee. [demonic ancestry]
 22044 | Lair:5   | Reached XP level 14. HP: 63/99 MP: 14/14
 22051 | Lair:5   | Reached skill level 10 in Dodging
 22465 | Lair:6   | Entered Level 6 of the Lair of Beasts
 22930 | Lair:6   | Reached skill level 10 in Armour
 23290 | Lair:6   | Found a large runed translucent door.
 23290 | Lair:6   | Found a large runed translucent door.
 23308 | Lair:6   | Noticed Zyurawip's ghost (journeyman DrFE)
 24085 | Lair:6   | Found a large runed translucent door.
 24086 | Lair:6   | Found a large runed translucent door.
 24682 | Lair:6   | Killed Zyurawip's ghost
 25616 | D:12     | Reached ****** piety under Hepliaklqana
 25643 | D:12     | Noticed Erolcha
 25662 | D:12     | Killed Erolcha
 26202 | D:13     | Found a portal to a secret trove of treasure.
 26295 | D:13     | Identified a scroll of acquirement
 26296 | D:13     | Acquired a manual of Fighting
 26534 | D:13     | Found a runed translucent gate.
 26534 | D:13     | Found a runed translucent gate.
 26534 | D:13     | Found a runed translucent gate.
 26573 | D:13     | Noticed voshxx's ghost (journeyman KoEn)
 26854 | D:13     | Killed voshxx's ghost
 26979 | D:13     | Reached skill level 11 in Fighting
 27067 | D:13     | Noticed Snorg
 27107 | D:13     | Killed Snorg
 27155 | D:13     | Noticed Jorgrun
 27170 | D:13     | Killed Jorgrun
 27170 | D:13     | Reached skill level 12 in Fighting
 27170 | D:13     | Gained mutation: You have claws for feet. [demonic
                  | ancestry]
 27170 | D:13     | Reached XP level 15. HP: 68/109 MP: 15/15
 27186 | D:13     | Got the ring "Donoym" {Fire}
 27189 | D:13     | Got a smoking marble ring
 27191 | D:13     | Identified the ring "Gacev" {rC++ MR- EV+4 Dex+2} (You
                  | found it on level 13 of the Dungeon)
 27193 | D:13     | Identified the ring "Donoym" {Fire +Fly Str+4 Dex-2 Stlth+}
                  | (You found it on level 13 of the Dungeon)
 27850 | D:14     | Reached skill level 13 in Fighting
 28322 | D:14     | Reached skill level 14 in Fighting
 28946 | D:14     | Found a gate to the Vaults.
 29040 | D:15     | Entered Level 15 of the Dungeon
 29084 | D:15     | Noticed a fire giant
 29389 | D:15     | Found a staircase to the Depths.
 29816 | D:15     | Reached skill level 15 in Fighting
 30017 | D:15     | Killed a fire giant
 30539 | Orc:1    | Entered Level 1 of the Orcish Mines
 30891 | Orc:2    | Entered Level 2 of the Orcish Mines
 30983 | Orc:2    | Found a bloodstained altar of Trog.
 31422 | Orc:2    | Found a staircase to the Elven Halls.
 32667 | Orc:2    | Found Vophorom's Antique Weapon Emporium.
 32667 | Orc:2    | Found Mushruiv's Magic Scroll Shop.
 32669 | Orc:2    | Found Sutukiq's Weapon Shop.
 32669 | Orc:2    | Found Qytrayn's Weapon Emporium.
 33012 | Shoals:1 | Entered Level 1 of the Shoals
 33021 | Shoals:1 | Reached skill level 16 in Fighting
 33096 | Shoals:1 | Reached skill level 1 in Invocations
 33392 | Shoals:1 | Noticed Nikola
 33797 | Shoals:1 | Identified Roxanne's Guide on Stones
 33797 | Shoals:1 | Noticed Roxanne
 33881 | Shoals:1 | Killed Nikola
 34330 | Shoals:1 | Killed Roxanne
 34345 | Shoals:1 | You fall into a shaft and drop 1 floor!
 34634 | Shoals:2 | Noticed Ilsuiw
 35287 | Elf:1    | Entered Level 1 of the Elven Halls
 35297 | Elf:1    | Gained mutation: You are immune to freezing clouds.
                  | [demonic ancestry]
 35297 | Elf:1    | Reached XP level 16. HP: 124/124 MP: 18/18
 36478 | Elf:1    | Found a radiant altar of Vehumet.
 36479 | Elf:1    | Reached skill level 5 in Invocations
 37607 | Elf:2    | Found a radiant altar of Vehumet.
 37886 | Elf:2    | Found a huge runed translucent gate.
 37886 | Elf:2    | Found a huge runed translucent gate.
 37886 | Elf:2    | Found a huge runed translucent gate.
 37886 | Elf:2    | Found a huge runed translucent gate.
 37887 | Elf:2    | Found a huge runed translucent gate.
 38799 | Elf:2    | HP: 5/125 [+1 trident of venom (11)]
 39808 | Elf:3    | Entered Level 3 of the Elven Halls
 39836 | Elf:3    | Gained mutation: Your magical and physical power is
                  | slightly enhanced at high health. [demonic ancestry]
 39836 | Elf:3    | Reached XP level 17. HP: 130/131 MP: 23/23
 40693 | Elf:3    | Found Sowil's Armour Boutique.
 40823 | Elf:3    | Reached skill level 15 in Staves
 40830 | Elf:3    | Reached skill level 17 in Fighting
 40842 | Elf:3    | Noticed a Hell Sentinel
 41047 | Elf:3    | Noticed a deep elf blademaster
 41047 | Elf:3    | Noticed a deep elf blademaster
 41528 | Elf:3    | Noticed a Brimstone Fiend
 41573 | Elf:3    | Killed a deep elf blademaster
 41748 | Elf:3    | Identified the +2 flail of Vumas {vorpal, rN+}
 41770 | Elf:3    | Identified the cursed +3 falchion of the Viper {protect,
                  | rPois Int+5}
 41770 | Elf:3    | Identified the +5 dire flail "Umure" {flame, +Rage rPois
                  | Str+6 Int-3}
 42039 | Elf:3    | Killed a deep elf blademaster
 42053 | Elf:3    | Identified the cursed +0 great sword "Vucsaw" {freeze, MR+
                  | Dex+4}
 42059 | Elf:3    | HP: 3/132 [acid (16)]
 42557 | Elf:3    | Identified the +5 short sword of the Desolation of Salt
                  | {drain, MR+}
 42573 | Elf:3    | Killed from afar by a deep elf annihilator

Illustrated notes

Levels and vault maps discovered:
D:1:      denvon_arrival_planthouse, layout_basic
D:2:      layout_basic
D:3:      layout_rooms, trog_butcher_becter
D:4:      cheibrodos_fertilizer, layout_cave_pools,
          gammafunk_temple_overflow_elements, minmay_temple_entry_from_below_a,
          saegor_snake_ambush
D:5:      layout_rooms, serial_shops, nicolae_shop_window_shopping
D:6:      layout_basic, kennysheep_little_box, basic_altar
D:7:      minmay_the_grid_triangle_9x9_rhombus_thin
          [minmay_the_grid_triangle_9x9_tough_junction,
          minmay_the_grid_triangle_9x9_prize_center,
          minmay_the_grid_triangle_9x9_intruding_spiral,
          minmay_the_grid_triangle_9x9_minimal], layout_basic,
          gammafunk_temple_overflow_statue, gammafunk_ghost_hive
D:8:      layout_rooms, serial_park_tiny_1, uniq_joseph, uniq_grum
D:9:      layout_cave_pools, gammafunk_temple_overflow_wave, orc_0_dummy,
          gammafunk_ghost_cemetery, uniq_prince_ribbit1, uniq_maurice
D:10:     layout_roguey, kennysheep_big_empty_room, xom_teletrap_fun
D:11:     layout_roguey, erik_lair_dragon, ebering_ghost_xom, basic_altar,
          minmay_evil_grid
D:12:     layout_basic, uniq_erolcha
D:13:     layout_irregular_city, nicolae_trove_entry_free_sample,
          gammafunk_ghost_icy, uniq_jorgrun, uniq_snorg
D:14:     lemuel_flame_loot_2, layout_irregular_city, ximxim_vaults_locker_room
D:15:     grunt_enter_depths_giant_problem, layout_loops_cross
Temple:   regret_index_temple_waves
Lair:1:   layout_regular_city, nicolae_volcano_entry_two_sided,
          grunt_megastairs_5, lemuel_fruit_tree
Lair:2:   beast_lair_carwin_large_3, layout_concentric_octagons,
          dummy_snake_entry, hibernation_bobbens, uniq_harold
Lair:3:   layout_long_grid, basic_altar, ebering_ghost_inner_flame,
          kennysheep_abandoned_house, grunt_megastairs_3, lemuel_fruit_fields,
          infiniplex_staircase_pool
Lair:4:   layout_loops_ring, elwin_shoals_entry_rocks, gauntlet_entry_generic,
          uniq_nergalle
Lair:5:   layout_cave_pods, slime_dummy, lemuel_old_faithful
Lair:6:   cheibrodos_lair_end_hotspot, layout_small_grid,
          ebering_ghost_disaster_area, serial_bayou_pond_d
Shoals:1: layout_shoals, uniq_roxanne, uniq_josephine, uniq_nikola
Shoals:2: layout_shoals, uniq_ilsuiw, uniq_polyphemus
Orc:1:    layout_caves
Orc:2:    grunt_orc_tribal_feast, layout_diamond_mine, basic_altar
Elf:1:    minmay_elf_arrival_summoners, layout_geoelf_octagon, basic_altar,
          serial_shops, statue_bzr, kennysheep_underground_church
Elf:2:    layout_geoelf_diagonals, basic_altar, hangedman_elf_simple_split
Elf:3:    grunt_elf_hall_asides, layout_geoelf_diagonals, serial_shops, shop

Skill      XL: |  1  2  3  4  5  6  7  8  9 10 11 12 13 14 15 16 17 |
---------------+----------------------------------------------------+-----
Staves         | 3 4 5 6 7 8 10 11 12 13 14 15 | 15.2
Throwing       | 3 5 7 |  7.0
Fighting       | 3 6 8 9 10 12 16 17 | 17.2
Evocations     | 2 4 |  4.3
Armour         | 3 6 9 11 12 | 12.7
Dodging        | 4 7 9 12 13 | 13.5
Invocations    | 3 8 9 |  9.7

Action                   |  1- 3 |  4- 6 |  7- 9 | 10-12 | 13-15 | 16-18 || total
-------------------------+-------+-------+-------+-------+-------+-------++-------
Melee: Quarterstaff      |   135 |   158 |   259 |   414 |  1111 |   494 ||  2571
       Kick              |       |    29 |    77 |   273 |   271 |   252 ||   902
       Lajatang          |       |       |       |   220 |   196 |       ||   416
Throw: Dart              |       |    20 |    20 |    19 |     5 |       ||    64
       Boomerang         |       |       |     9 |       |       |       ||     9
       Throwing net      |       |       |     2 |     4 |       |       ||     6
       Javelin           |       |       |       |       |     3 |       ||     3
Invok: Ancestor Life: He |       |       |       |     1 |       |       ||     1
       Recall Ancestor   |       |       |       |     1 |     7 |     1 ||     9
Evoke: Wand              |       |       |     1 |     4 |     4 |       ||     9
  Use: Scroll            |       |       |     5 |    21 |    17 |     7 ||    50
       Potion            |       |       |     2 |     5 |     5 |     6 ||    18
 Stab: Distracted        |       |       |     2 |     7 |    25 |     9 ||    43
       Confused          |       |       |       |     8 |     6 |       ||    14
       Held in net/web   |       |       |       |     1 |       |       ||     1
       Paralysed         |       |       |       |       |    14 |     3 ||    17
       Invisible         |       |       |       |       |       |     4 ||     4
Armor: Leather armour    |    84 |    80 |    60 |    59 |       |       ||   283
       Acid dragon scale |       |       |       |   139 |   156 |       ||   295
       Fire dragon scale |       |       |       |       |   220 |   119 ||   339
       Skin              |       |       |       |       |       |     9 ||     9
Dodge: Dodged            |   149 |   134 |   137 |   312 |   796 |   241 ||  1769
Block: Other             |       |       |       |       |       |     5 ||     5

Table legend: (Time is in decaauts)
 A = Elapsed time spent in this place.
 B = Non-inter-level travel time spent in this place.
 C = Inter-level travel time spent in this place.
 D = Time resting spent in this place.
 E = Time spent auto-exploring this place.
 F = Levels seen in this place.
 G = Mean time per level.
                   A        B        C        D        E       F      G
               +--------+--------+--------+--------+--------+-----+--------+
         Total |  41790 |  38972 |   2818 |  10875 |  20686 |  31 | 1348.1 |
       Dungeon |  19987 |  18255 |   1732 |   3844 |  11035 |  15 | 1332.5 |
        Temple |    121 |    110 |     11 |      0 |    102 |   1 |  121.0 |
          Lair |   9713 |   9058 |    655 |   1932 |   5475 |   6 | 1618.8 |
        Shoals |   1895 |   1852 |     43 |    847 |    514 |   2 |  947.5 |
  Orcish Mines |   2214 |   2052 |    162 |    826 |    782 |   2 | 1107.0 |
   Elven Halls |   7086 |   6872 |    214 |   3138 |   2596 |   3 | 2362.0 |
       Volcano |     65 |     65 |      0 |     34 |      0 |   1 |   65.0 |
      Gauntlet |    705 |    705 |      0 |    253 |    182 |   1 |  705.0 |
               +--------+--------+--------+--------+--------+-----+--------+

Top non-repeatable levels by time:
   Elf:2: 2626 daAuts
    D:11: 2618 daAuts
  Lair:6: 2373 daAuts
     D:7: 2334 daAuts
   Elf:3: 2295 daAuts
   Elf:1: 2164 daAuts
Shoals:1: 1860 daAuts
    D:13: 1693 daAuts
  Lair:1: 1685 daAuts
  Lair:2: 1651 daAuts
  Lair:5: 1588 daAuts
   Orc:2: 1532 daAuts
     D:2: 1404 daAuts
    D:10: 1397 daAuts
    D:14: 1379 daAuts
